 Dungeon Crawl Stone Soup version 0.21.1-1-g345015f (webtiles) character file.

87 tidbits the Magician (level 4, 0/34 HPs)
             Began as a Gnoll Wanderer on Feb 11, 2018.
             Slain by a gnoll
             ... wielding a +0 whip
              (7 damage)
             ... on level 3 of the Dungeon.
             The game lasted 00:07:58 (740 turns).

tidbits the Magician (Gnoll Wanderer)                Turns: 740, Time: 00:07:59

Health: 0/34       AC:  3    Str: 16    XL:     4   Next: 51%
Magic:  3/13       EV: 14    Int: 15    God:
Gold:   90         SH:  0    Dex: 13    Spells: 6/17 levels left

rFire    . . .     SeeInvis .   a - +0 rapier
rCold    . . .     Gourm    .   (no shield)
rNeg     . . .     Faith    .   B - +0 robe
rPois    +         Spirit   .   (no helmet)
rElec    .         Reflect  .   C - +0 cloak
rCorr    .         Harm     .   (no gloves)
MR       .....                  (no boots)
Stlth    ++........             (no amulet)
HPRegen  0.11/turn              P - ring of poison resistance
MPRegen  0.13/turn              (no ring)

@: very slightly contaminated
A: distributed training, fangs 1, strong nose
a: no special abilities


You were on level 3 of the Dungeon.
You were not hungry.

You visited 1 branch of the dungeon, and saw 3 of its levels.

You collected 90 gold pieces.

Inventory:

Hand Weapons
 a - a +0 rapier (weapon)
 f - a +0 short sword
 i - a +0 hunting sling
 s - a +0 morningstar
 u - a +0 spear
Missiles
 k - 20 sling bullets
 p - 52 stones (quivered)
Armour
 B - a +0 robe (worn)
 C - a +0 cloak (worn)
Jewellery
 m - an uncursed ring of fire
   (You found it on level 2 of the Dungeon)
 P - a ring of poison resistance (left hand)
   (You found it on level 2 of the Dungeon)
Scrolls
 d - 2 scrolls of enchant weapon
 e - 2 scrolls of amnesia {unknown}
 h - a scroll of remove curse {unknown}
 j - a scroll of noise
 l - a scroll of teleportation {unknown}
 n - a scroll of blinking
 q - a scroll of fog
Potions
 g - 3 potions of curing {unknown}
 o - 4 potions of heal wounds {unknown}
 r - a potion of resistance {unknown}
 t - a potion of cancellation {unknown}
Books
 b - a book of Minor Magic

   Spells                             Type                      Level
   a - Magic Dart                     Conjuration                  1
   b - Blink                          Translocation                2
   c - Call Imp                       Summoning                    2
   d - Slow                           Hexes                        2
   e - Conjure Flame                  Conjuration/Fire             3
   f - Mephitic Cloud                 Conjuration/Poison/Air       3
Comestibles
 c - 5 rations


   Skills:
 + Level 2.7 Fighting
 + Level 1.1 Short Blades
 + Level 1.1 Long Blades
 + Level 1.1 Axes
 + Level 1.1 Maces & Flails
 + Level 1.1 Polearms
 + Level 1.1 Staves
 + Level 1.1 Slings
 + Level 1.1 Bows
 + Level 1.1 Crossbows
 + Level 4.6 Throwing
 + Level 1.1 Armour
 + Level 4.6 Dodging
 + Level 1.1 Stealth
 + Level 1.1 Shields
 + Level 1.1 Unarmed Combat
 + Level 7.2 Spellcasting
 + Level 0.9 Conjurations
 + Level 2.2 Hexes
 + Level 2.2 Charms
 + Level 0.9 Summonings
 + Level 0.9 Necromancy
 + Level 0.9 Translocations
 + Level 0.9 Transmutations
 + Level 0.9 Fire Magic
 + Level 0.9 Ice Magic
 + Level 0.9 Air Magic
 + Level 0.9 Earth Magic
 + Level 0.9 Poison Magic
 + Level 1.2 Invocations
 + Level 1.1 Evocations


You had 6 spell levels left.
You knew the following spells:

 Your Spells              Type           Power        Failure   Level  Hunger
a - Magic Dart            Conj           #...         9%          1    None
b - Blink                 Tloc           N/A          13%         2    None
c - Conjure Flame         Conj/Fire      #.......     26%         3    ##.....
i - Call Imp              Summ           #.......     13%         2    None
m - Mephitic Cloud        Conj/Pois/Air  #.......     26%         3    ##.....


Dungeon Overview and Level Annotations

Branches:
Dungeon (3/15)

Altars:
Elyvilon


Innate Abilities, Weirdness & Mutations

Your experience applies equally to all skills.
You have very sharp teeth.
Your uncanny sense of smell can sniff out nearby items.


Message History

n - a scroll of blinking
As you read the scroll of identify, it crumbles to dust.
j - a scroll of noise Magic restored.
Found a scroll labeled CEAFRU GU DIL.
Found a spear.
Found a scroll labeled YNLAES DOLOWNE.
You see here a scroll labeled CEAFRU GU DIL.
l - a scroll labeled CEAFRU GU DIL You see here a scroll labeled YNLAES DOLOWNE.
e - 2 scrolls labeled YNLAES DOLOWNE (gained 1)
You open the door.
A bat and 3 rats come into view.
There is an open door here.
The bat barely misses you. The bat hits you but does no damage.
You barely miss the bat. You bite the bat, but do no damage.
The bat barely misses you.
You hit the rat.
You kill the rat!
The bat barely misses you.
You hit the bat.
You kill the bat!
The rat bites you but does no damage.
You closely miss the rat. You bite the rat, but do no damage.
The rat bites you. The rat bites you but does no damage.
You hit the rat but do no damage.
The rat twitches its whiskers.
The rat barely misses you. x2
You barely miss the rat. The rat closely misses you. The rat misses you.
Casting: Mephitic Cloud
Confirm with . or Enter, or press ? or * to list all spells.
Aiming: Mephitic Cloud
Press: ? - help, Shift-Dir - straight line, f - rat
Aim: a rat You miscast Mephitic Cloud.
You are very lightly contaminated with residual magic.
You smell something strange.
The rat bites you but does no damage. The rat bites you.
You closely miss the rat. The rat closely misses you.
The rat bites you but does no damage. The rat closely misses you.
You hit the rat.
You kill the rat!
The rat bites you but does no damage.
You puncture the rat!
You kill the rat!
There is an open door here.
Things that are here:
a rat corpse x2
A gnoll and a kobold come into view.
Found 19 gold pieces.
Unknown command.
The kobold shouts!
The gnoll shouts!
You hear a shout! x2
The kobold throws a stone.
The stone misses you.
A gnoll comes into view. It is wielding a flail.
A gnoll comes into view. It is wielding a spear.
Casting: Mephitic Cloud
Confirm with . or Enter, or press ? or * to list all spells.
Aiming: Mephitic Cloud
Press: ? - help, Shift-Dir - straight line The ball explodes into a vile cloud!
The stinking cloud engulfs the kobold.
The stinking cloud engulfs the gnoll.
The gnoll is engulfed in noxious fumes.
The gnoll appears confused.
The kobold is engulfed in noxious fumes.
The kobold appears confused.
A leopard gecko comes into view.
The kobold is engulfed in noxious fumes.
The kobold appears confused.
Found a stone staircase leading down.
A gnoll comes into view. It is wielding a whip.
You barely miss the gnoll.
The gnoll shouts!
The gnoll hits you from afar with a spear.
* * * LOW HITPOINT WARNING * * *
The gnoll is engulfed in noxious fumes.
The gnoll appears confused.
The gnoll hits the gnoll with a whip!
Unknown command.
Casting: Mephitic Cloud
Confirm with . or Enter, or press ? or * to list all spells.
Aiming: Mephitic Cloud
Press: ? - help, Shift-Dir - straight line, f - gnoll
Aim: a gnoll, wielding a whip (noxious fumes, confused)
You miscast Mephitic Cloud.
You feel weak for a moment.
The gnoll hits you from afar with a spear!
* * * LOW HITPOINT WARNING * * *
The gnoll is engulfed in noxious fumes.
The gnoll appears confused.
The gnoll barely misses you.
Casting: Mephitic Cloud
Confirm with . or Enter, or press ? or * to list all spells.
Aiming: Mephitic Cloud
Press: ? - help, Shift-Dir - straight line, f/p - gnoll
Aim: a gnoll, wielding a whip (lightly wounded, confused)
The ball explodes into a vile cloud!
The stinking cloud engulfs the gnoll.
The gnoll is lightly wounded.
The stinking cloud engulfs you!
The stinking cloud engulfs the gnoll.
The gnoll is severely wounded.
The gnoll is engulfed in noxious fumes.
The gnoll appears confused.
The gnoll is engulfed in noxious fumes.
The gnoll appears confused.
The gnoll hits you with a whip!
You die...

#......†............#
#####....†..........#
########†##.########
##........##.#
.......(..##.#
...........#.# ∆
...........#.#
##........K#
#........@#
#.......§gg.#
..........#lg#
..............g ∆
$..######...... ...
........ ........
.>.....


You could see 4 gnolls, a leopard gecko and a kobold (confused).

Vanquished Creatures
  The ghost of letownia3 the Conjurer, a weakling DsWz (D:3)
  An adder (D:2)
  An ooze (D:2)
  2 leopard geckos
  An orc (D:3)
  A giant cockroach (D:1)
  2 goblins
  7 hobgoblins
  A quokka (D:2)
  4 bats
  A frilled lizard (D:1)
  4 kobolds
  6 rats
32 creatures vanquished.

Vanquished Creatures (collateral kills)
  A hobgoblin (D:2)
  A kobold (D:2)
2 creatures vanquished.

Grand Total: 34 creatures vanquished

Notes
Turn   | Place    | Note
-------+----------+-------------------------------------------
     0 | D:1      | tidbits the Gnoll Wanderer began the quest for the Orb.
     0 | D:1      | tidbits set off with: a book of Minor Magic, a +0 spear, a +0 robe, a ration
     0 | D:1      | Reached XP level 1. HP: 17/17 MP: 8/8
     2 | D:1      | Learned a level 1 spell: Magic Dart
    59 | D:1      | Reached skill level 2 in Hexes
    59 | D:1      | Reached skill level 2 in Charms
    62 | D:1      | Reached XP level 2. HP: 23/23 MP: 5/10
    66 | D:1      | Learned a level 2 spell: Blink
    69 | D:1      | Learned a level 2 spell: Call Imp
   321 | D:2      | Reached XP level 3. HP: 28/28 MP: 4/11
   393 | D:3      | Learned a level 3 spell: Mephitic Cloud
   397 | D:3      | Learned a level 3 spell: Conjure Flame
   421 | D:3      | Noticed letownia3's ghost (weakling DsWz)
   440 | D:3      | Killed letownia3's ghost
   440 | D:3      | Reached skill level 1 in Short Blades
   440 | D:3      | Reached skill level 1 in Long Blades
   440 | D:3      | Reached skill level 1 in Axes
   440 | D:3      | Reached skill level 1 in Maces & Flails
   440 | D:3      | Reached skill level 1 in Polearms
   440 | D:3      | Reached skill level 1 in Staves
   440 | D:3      | Reached skill level 1 in Slings
   440 | D:3      | Reached skill level 1 in Bows
   440 | D:3      | Reached skill level 1 in Crossbows
   440 | D:3      | Reached skill level 1 in Armour
   440 | D:3      | Reached skill level 1 in Stealth
   440 | D:3      | Reached skill level 1 in Shields
   440 | D:3      | Reached skill level 1 in Unarmed Combat
   440 | D:3      | Reached skill level 1 in Invocations
   440 | D:3      | Reached skill level 1 in Evocations
   440 | D:3      | Reached XP level 4. HP: 17/34 MP: 3/13
   517 | D:2      | Found a white marble altar of Elyvilon.
   740 | D:3      | Slain by a gnoll

Skill      XL: |  1  2  3 |
---------------+----------+-----
Hexes          | 2 |  2.2
Charms         | 2 |  2.2
Short Blades   | 1 |  1.1
Long Blades    | 1 |  1.1
Axes           | 1 |  1.1
Maces & Flails | 1 |  1.1
Polearms       | 1 |  1.1
Staves         | 1 |  1.1
Slings         | 1 |  1.1
Bows           | 1 |  1.1
Crossbows      | 1 |  1.1
Armour         | 1 |  1.1
Stealth        | 1 |  1.1
Shields        | 1 |  1.1
Unarmed Combat | 1 |  1.1
Invocations    | 1 |  1.2
Evocations     | 1 |  1.1
Fighting       | |  2.7
Throwing       | |  4.6
Dodging        | |  4.6
Spellcasting   | |  7.2
Conjurations   | |  0.9
Summonings     | |  0.9
Necromancy     | |  0.9
Translocations | |  0.9
Transmutations | |  0.9
Fire Magic     | |  0.9
Ice Magic      | |  0.9
Air Magic      | |  0.9
Earth Magic    | |  0.9
Poison Magic   | |  0.9

Action                   |  1- 3 |  4- 6 || total
-------------------------+-------+-------++-------
Melee: Spear             |    34 |    22 ||    56
       Bite              |     1 |     3 ||     4
       Rapier            |       |    10 ||    10
 Fire: Hunting sling     |     6 |       ||     6
 Cast: Magic Dart        |    29 |     7 ||    36
       Call Imp          |     2 |     1 ||     3
       Conjure Flame     |     2 |       ||     2
       Mephitic Cloud    |       |     4 ||     4
  Use: Potion            |     1 |       ||     1
       Scroll            |       |     4 ||     4
  Eat: Ration            |       |     1 ||     1
Armor: Robe              |     1 |     6 ||     7
Dodge: Dodged            |    21 |    20 ||    41

Table legend:
 A = Turns spent in this place as a percentage of turns spent in the entire game.
 B = Non-inter-level travel turns spent in this place as a percentage of non-inter-level travel turns spent in the entire game.
 C = Inter-level travel turns spent in this place as a percentage of turns spent in this place.
 D = Turns resting spent in this place as a percentage of non-inter-level travel turns spent in this place.
 E = Turns spent auto-exploring this place as a percentage of non-inter-level travel turns spent in this place.
 F = Non-inter-level travel turns spent in this place divided by the number of levels of this place that you've seen.
                   A       B       C       D       E      F
               +-------+-------+-------+-------+-------+----------------------
         Total | 100.0 | 100.0 |   0.0 |   0.0 |   0.0 | 246.7
       Dungeon | 100.0 | 100.0 |   0.0 |   0.0 |   0.0 | 246.7
               +-------+-------+-------+-------+-------+----------------------

Table legend:
 A = Kills in this place as a percentage of kills in entire the game.
 B = Kills by you in this place as a percentage of kills by you in the entire game.
 C = Kills by friends in this place as a percentage of kills by friends in the entire game.
 D = Other kills in this place as a percentage of other kills in the entire game.
 E = Experience gained in this place as a percentage of experience gained in the entire game.
 F = Experience gained in this place divided by the number of levels of this place that you have seen.
                   A       B       C       D       E      F
               +-------+-------+-------+-------+-------+----------------------
         Total | 100.0 | 100.0 | 100.0 |   N/A | 100.0 |  41.7
       Dungeon | 100.0 | 100.0 | 100.0 |   N/A | 100.0 |  41.7
               +-------+-------+-------+-------+-------+----------------------

Vault maps used:
D:1:      minmay_arrival_radiant_lines
D:2:      elyvilon_altar_5, minmay_misc_feat_encased, minmay_pentomino_t4
D:3:      minmay_goblin_kobold_house
